[ AOE2 MATCH · #483033902 ]
UnrankedSpanish vs Koreans
[ REPLAY ANALYSIS · EXTRACTED FROM THE RECORDED GAME ]
Feudal
12:11
Castle
15:42
Imperial
33:01
| APM avg | 69.7 |
| APM peak | 123 |
| eAPM avg | 35.1 |
| Villagers / military | 134 / 23 |
Focus
⚔️ 35.0% · 🌾 65.0%
Conquistador ×14 · Battering Ram ×9 · Unknown (882) ×3
Feudal
8:32
Castle
27:56
Imperial
—
| APM avg | 42.2 |
| APM peak | 102 |
| eAPM avg | 26.0 |
| Villagers / military | 130 / 27 |
Focus
⚔️ 45.4% · 🌾 54.6%
Spearman ×16 · Fire Lancer ×11
Feudal
8:51
Castle
20:48
Imperial
32:16
| APM avg | 28.2 |
| APM peak | 52 |
| eAPM avg | 22.7 |
| Villagers / military | 172 / 111 |
Focus
⚔️ 33.4% · 🌾 66.6%
Knight ×106 · Battering Ram ×5
Feudal
11:46
Castle
14:26
Imperial
—
| APM avg | 50.0 |
| APM peak | 84 |
| eAPM avg | 22.3 |
| Villagers / military | 135 / 137 |
Focus
⚔️ 37.2% · 🌾 62.8%
Knight ×105 · Battle Elephant ×29 · Monk ×3
Feudal
11:53
Castle
15:28
Imperial
31:01
| APM avg | 37.0 |
| APM peak | 74 |
| eAPM avg | 29.3 |
| Villagers / military | 148 / 87 |
Focus
⚔️ 8.0% · 🌾 92.0%
Tarkan ×87
Feudal
7:46
Castle
21:22
Imperial
—
| APM avg | 26.9 |
| APM peak | 68 |
| eAPM avg | 13.9 |
| Villagers / military | 83 / 14 |
Focus
⚔️ 24.2% · 🌾 75.8%
Mangudai ×7 · Spearman ×7
Feudal
10:34
Castle
15:36
Imperial
27:34
| APM avg | 38.3 |
| APM peak | 71 |
| eAPM avg | 24.1 |
| Villagers / military | 110 / 30 |
Focus
⚔️ 29.4% · 🌾 70.6%
Archer ×23 · Monk ×3 · Mangonel ×2 · Bombard Cannon ×2
Feudal
10:50
Castle
14:15
Imperial
32:25
| APM avg | 27.7 |
| APM peak | 82 |
| eAPM avg | 18.4 |
| Villagers / military | 175 / 23 |
Focus
⚔️ 15.9% · 🌾 84.1%
Skirmisher ×18 · Monk ×3 · Knight ×2
Match map
Initial resources + every placement click. Lines = walls · curves = elevation contours. ◆ gold · ⬟ stone · ● berries · ✦ relic · ◌ wall gap
Your base· ✓ Closed at 15:42 · 63t walls · 4 gate(s)
Rex Caedis's base· ✓ Closed at 27:56 · 22t walls · 2 gate(s)
11别打我,我很菜's base· ✓ Closed at 20:48 · 0t walls · 2 gate(s)
Ivolia's base· ✓ Closed at 14:26 · 0t walls · 5 gate(s)
梅子's base· ✓ Closed at 15:28 · 0t walls · 2 gate(s)
Fac Et Spera's base· ✓ Closed at 21:22 · 27t walls · 2 gate(s)
做人要诚实,'s base· ✓ Closed at 15:36 · 20t walls · 2 gate(s)
呱家軍's base· ✓ Closed at 14:15 · 0t walls · 2 gate(s)
Smoothed initial terrain · ◌ = detected wall gap · hover for details
Inputs per minute
— YY语音信箱 - - Rex Caedis
Build order — YY语音信箱
First 150 of 295 actions detected
| 0:00 | Create | Villager (Male) |
| 0:00 | Create | Villager (Male) |
| 0:01 | Create | Villager (Male) |
| 0:02 | Build | House |
| 0:02 | Build | House |
| 0:05 | Create | Villager (Male) |
| 1:23 | Create | Villager (Male) |
| 1:23 | Create | Villager (Male) |
| 1:54 | Build | Lumber Camp |
| 2:01 | Create | Villager (Male) |
| 2:01 | Create | Villager (Male) |
| 2:13 | Create | Villager (Male) |
| 2:14 | Create | Villager (Male) |
| 2:46 | Create | Villager (Male) |
| 2:47 | Create | Villager (Male) |
| 3:00 | Create | Villager (Male) |
| 3:31 | Create | Villager (Male) |
| 3:53 | Build | House |
| 3:54 | Build | House |
| 3:55 | Build | House |
| 3:58 | Create | Villager (Male) |
| 3:58 | Create | Villager (Male) |
| 4:14 | Create | Villager (Male) |
| 4:14 | Create | Villager (Male) |
| 4:29 | Create | Villager (Male) |
| 4:30 | Create | Villager (Male) |
| 4:48 | Build | Mill |
| 4:56 | Create | Villager (Male) |
| 4:56 | Create | Villager (Male) |
| 5:15 | Build | Palisade Gate |
| 5:16 | Build | Palisade Wall |
| 5:25 | Build | Palisade Wall |
| 5:26 | Build | Palisade Wall |
| 5:29 | Build | Palisade Wall |
| 5:29 | Create | Villager (Male) |
| 5:33 | Build | Palisade Gate |
| 5:40 | Create | Villager (Male) |
| 5:42 | Build | Palisade Wall |
| 5:48 | Build | Palisade Wall |
| 5:49 | Build | Palisade Wall |
| 6:12 | Create | Villager (Male) |
| 6:12 | Create | Villager (Male) |
| 6:40 | Create | Villager (Male) |
| 7:06 | Build | Palisade Gate |
| 7:10 | Create | Villager (Male) |
| 7:32 | Create | Villager (Male) |
| 7:37 | Build | Farm |
| 7:38 | Build | Farm |
| 7:59 | Build | Mining Camp |
| 8:00 | Create | Villager (Male) |
| 8:26 | Create | Villager (Male) |
| 8:36 | Research | Loom |
| 8:37 | Research | Loom |
| 8:45 | Create | Villager (Male) |
| 8:52 | Build | Palisade Wall |
| 8:52 | Build | Palisade Wall |
| 9:02 | Research | Feudal Age |
| 9:02 | Research | Feudal Age |
| 9:13 | Build | Palisade Wall |
| 9:15 | Build | Palisade Wall |
| 9:22 | Create | Villager (Male) |
| 9:30 | Create | Villager (Male) |
| 9:32 | Research | Feudal Age |
| 9:32 | Research | Feudal Age |
| 9:52 | Build | Mining Camp |
| 10:21 | Build | Palisade Wall |
| 10:25 | Build | Palisade Wall |
| 10:27 | Build | Palisade Wall |
| 11:11 | Create | Villager (Male) |
| 11:39 | Build | Palisade Wall |
| 11:44 | Build | Palisade Wall |
| 12:11 | Age | Feudal Age |
| 12:11 | Build | Palisade Wall |
| 12:16 | Build | Market |
| 12:17 | Create | Villager (Male) |
| 12:42 | Build | Blacksmith |
| 13:02 | Research | Castle Age |
| 13:02 | Research | Castle Age |
| 13:13 | Build | House |
| 13:14 | Build | Palisade Wall |
| 14:11 | Create | Villager (Male) |
| 15:37 | Create | Villager (Male) |
| 15:42 | Age | Castle Age |
| 15:58 | Build | Castle |
| 16:03 | Build | Palisade Wall |
| 16:04 | Build | Palisade Wall |
| 16:05 | Build | Palisade Wall |
| 16:07 | Create | Villager (Male) |
| 16:34 | Build | Farm |
| 16:36 | Build | Farm |
| 17:00 | Build | Farm |
| 17:18 | Create | Conquistador |
| 17:19 | Create | Villager (Male) |
| 17:20 | Create | Villager (Male) |
| 17:21 | Build | Farm |
| 17:28 | Build | Farm |
| 17:28 | Build | Farm |
| 17:31 | Build | Farm |
| 17:46 | Build | Farm |
| 18:04 | Create | Villager (Male) |
| 18:09 | Build | Farm |
| 18:11 | Build | Farm |
| 18:21 | Create | Villager (Male) |
| 18:25 | Create | Villager (Male) |
| 18:40 | Research | Double-Bit Axe |
| 18:46 | Create | Conquistador |
| 18:58 | Create | Villager (Male) |
| 18:59 | Build | Farm |
| 19:15 | Create | Villager (Male) |
| 19:26 | Create | Conquistador |
| 19:28 | Build | Farm |
| 19:42 | Create | Villager (Male) |
| 19:43 | Create | Villager (Male) |
| 19:47 | Research | Horse Collar |
| 19:47 | Research | Horse Collar |
| 19:49 | Create | Villager (Male) |
| 20:07 | Create | Conquistador |
| 20:08 | Create | Villager (Male) |
| 20:15 | Build | Farm |
| 20:24 | Create | Conquistador |
| 20:24 | Create | Conquistador |
| 20:43 | Create | Conquistador |
| 20:46 | Create | Villager (Male) |
| 20:46 | Create | Villager (Male) |
| 20:51 | Build | Farm |
| 20:54 | Build | Farm |
| 21:06 | Create | Villager (Male) |
| 21:16 | Create | Villager (Male) |
| 21:22 | Create | Conquistador |
| 21:22 | Create | Conquistador |
| 21:29 | Build | Gate |
| 21:44 | Create | Conquistador |
| 21:45 | Build | Lumber Camp |
| 21:55 | Create | Villager (Male) |
| 22:03 | Create | Conquistador |
| 22:17 | Create | Villager (Male) |
| 22:21 | Build | Farm |
| 22:24 | Build | Farm |
| 22:28 | Create | Conquistador |
| 22:43 | Create | Conquistador |
| 22:52 | Create | Villager (Male) |
| 22:58 | Build | House |
| 22:59 | Build | House |
| 23:08 | Create | Villager (Male) |
| 23:28 | Create | Conquistador |
| 23:29 | Create | Villager (Male) |
| 23:43 | Create | Villager (Male) |
| 23:48 | Build | Town Center |
| 23:56 | Research | Heavy Plow |
| 24:01 | Build | House |
Build order — Rex Caedis
First 150 of 311 actions detected
| 0:00 | Create | Villager (Male) |
| 0:01 | Create | Villager (Male) |
| 0:01 | Build | House |
| 0:02 | Build | House |
| 0:08 | Create | Villager (Male) |
| 0:08 | Create | Villager (Male) |
| 1:22 | Create | Villager (Male) |
| 2:01 | Create | Villager (Male) |
| 2:01 | Create | Villager (Male) |
| 2:02 | Create | Villager (Male) |
| 2:21 | Build | Lumber Camp |
| 2:41 | Create | Villager (Male) |
| 2:41 | Create | Villager (Male) |
| 3:03 | Build | House |
| 3:11 | Create | Villager (Male) |
| 3:11 | Create | Villager (Male) |
| 3:40 | Create | Villager (Male) |
| 3:44 | Create | Villager (Male) |
| 4:15 | Create | Villager (Male) |
| 4:49 | Build | Mill |
| 4:51 | Create | Villager (Male) |
| 5:19 | Create | Villager (Male) |
| 5:46 | Create | Villager (Male) |
| 6:22 | Research | Feudal Age |
| 6:22 | Research | Feudal Age |
| 7:05 | Build | Mining Camp |
| 7:37 | Create | Villager (Male) |
| 7:37 | Create | Villager (Male) |
| 7:39 | Research | Loom |
| 8:32 | Age | Feudal Age |
| 8:36 | Build | Watch Tower |
| 8:47 | Create | Villager (Male) |
| 8:55 | Build | House |
| 8:57 | Research | Double-Bit Axe |
| 9:08 | Create | Villager (Male) |
| 9:32 | Build | House |
| 10:16 | Build | Watch Tower |
| 10:18 | Create | Villager (Male) |
| 10:19 | Create | Villager (Male) |
| 10:53 | Build | Watch Tower |
| 10:54 | Create | Villager (Male) |
| 11:14 | Create | Villager (Male) |
| 11:14 | Create | Villager (Male) |
| 11:55 | Build | Watch Tower |
| 12:06 | Build | Watch Tower |
| 12:11 | Create | Villager (Male) |
| 12:11 | Create | Villager (Male) |
| 12:20 | Build | Blacksmith |
| 12:42 | Create | Villager (Male) |
| 12:42 | Create | Villager (Male) |
| 13:01 | Create | Villager (Male) |
| 13:07 | Build | Blacksmith |
| 13:16 | Build | House |
| 13:28 | Create | Villager (Male) |
| 13:57 | Build | Palisade Wall |
| 14:01 | Create | Villager (Male) |
| 14:31 | Create | Villager (Male) |
| 14:50 | Create | Villager (Male) |
| 14:51 | Create | Villager (Male) |
| 15:05 | Build | Palisade Wall |
| 15:10 | Build | Palisade Wall |
| 15:11 | Build | Palisade Wall |
| 15:12 | Build | Palisade Wall |
| 15:24 | Create | Villager (Male) |
| 15:28 | Build | Palisade Wall |
| 15:29 | Build | Palisade Wall |
| 15:34 | Create | Villager (Male) |
| 15:37 | Build | Palisade Wall |
| 15:38 | Build | Palisade Wall |
| 15:39 | Build | Palisade Wall |
| 15:45 | Research | Horse Collar |
| 15:50 | Build | Stone Wall |
| 15:56 | Build | Palisade Wall |
| 16:02 | Build | Palisade Wall |
| 16:04 | Build | Palisade Wall |
| 16:06 | Create | Villager (Male) |
| 16:31 | Build | Palisade Wall |
| 16:35 | Build | Palisade Wall |
| 16:40 | Build | Palisade Wall |
| 16:47 | Create | Villager (Male) |
| 16:49 | Build | Palisade Wall |
| 16:54 | Build | House |
| 17:00 | Build | Palisade Wall |
| 17:02 | Build | Palisade Wall |
| 17:13 | Create | Villager (Male) |
| 17:14 | Build | Palisade Wall |
| 17:18 | Build | Palisade Wall |
| 17:23 | Build | Palisade Wall |
| 17:27 | Build | Palisade Wall |
| 17:31 | Build | Palisade Wall |
| 17:33 | Build | Palisade Wall |
| 17:41 | Build | Palisade Wall |
| 17:41 | Create | Villager (Male) |
| 17:44 | Create | Villager (Male) |
| 17:50 | Build | House |
| 17:53 | Build | Lumber Camp |
| 18:14 | Build | Market |
| 18:42 | Build | Watch Tower |
| 18:43 | Research | Fletching |
| 19:10 | Create | Villager (Male) |
| 19:27 | Build | Farm |
| 19:27 | Build | Farm |
| 19:27 | Build | Farm |
| 19:28 | Build | Farm |
| 19:28 | Build | Farm |
| 19:31 | Build | Farm |
| 19:32 | Build | Farm |
| 19:33 | Build | Farm |
| 19:33 | Build | Farm |
| 19:50 | Create | Villager (Male) |
| 19:57 | Build | Watch Tower |
| 19:59 | Build | Watch Tower |
| 20:01 | Create | Villager (Male) |
| 20:01 | Create | Villager (Male) |
| 20:23 | Build | House |
| 20:27 | Build | Farm |
| 20:27 | Build | Farm |
| 20:27 | Build | Farm |
| 20:28 | Build | Farm |
| 20:28 | Build | Farm |
| 20:28 | Build | Farm |
| 20:28 | Build | Farm |
| 20:37 | Create | Villager (Male) |
| 20:49 | Create | Villager (Male) |
| 20:56 | Build | House |
| 20:57 | Build | House |
| 21:27 | Build | Farm |
| 21:30 | Create | Villager (Male) |
| 21:38 | Build | Farm |
| 21:39 | Build | Farm |
| 21:40 | Build | Farm |
| 21:42 | Build | Farm |
| 21:46 | Create | Villager (Male) |
| 21:49 | Build | House |
| 22:00 | Build | House |
| 22:14 | Create | Villager (Male) |
| 22:43 | Build | Mining Camp |
| 22:45 | Create | Villager (Male) |
| 22:46 | Research | Wheelbarrow |
| 23:11 | Research | Gold Mining |
| 23:20 | Research | Stone Mining |
| 24:12 | Create | Villager (Male) |
| 24:12 | Create | Villager (Male) |
| 25:14 | Research | Castle Age |
| 25:14 | Research | Castle Age |
| 26:46 | Create | Villager (Male) |
| 27:13 | Create | Villager (Male) |
| 27:37 | Build | Outpost |
| 27:39 | Build | Outpost |
| 27:56 | Age | Castle Age |
Build order — 11别打我,我很菜
First 150 of 443 actions detected
| 0:00 | Create | Villager (Male) |
| 0:02 | Build | House |
| 0:03 | Build | House |
| 0:08 | Create | Villager (Male) |
| 0:13 | Create | Villager (Male) |
| 0:14 | Create | Villager (Male) |
| 1:38 | Create | Villager (Male) |
| 1:38 | Create | Villager (Male) |
| 1:58 | Create | Villager (Male) |
| 2:14 | Create | Villager (Male) |
| 2:14 | Create | Villager (Male) |
| 2:44 | Build | Lumber Camp |
| 2:47 | Create | Villager (Male) |
| 2:48 | Create | Villager (Male) |
| 3:03 | Create | Villager (Male) |
| 3:20 | Create | Villager (Male) |
| 3:20 | Create | Villager (Male) |
| 3:48 | Build | House |
| 4:25 | Create | Villager (Male) |
| 4:25 | Create | Villager (Male) |
| 4:26 | Create | Villager (Male) |
| 4:46 | Create | Villager (Male) |
| 4:46 | Create | Villager (Male) |
| 4:51 | Create | Villager (Male) |
| 4:51 | Create | Villager (Male) |
| 4:51 | Create | Villager (Male) |
| 5:13 | Create | Villager (Male) |
| 5:13 | Create | Villager (Male) |
| 5:18 | Build | Mill |
| 5:20 | Create | Villager (Male) |
| 5:36 | Create | Villager (Male) |
| 5:36 | Create | Villager (Male) |
| 5:49 | Create | Villager (Male) |
| 5:49 | Create | Villager (Male) |
| 6:40 | Research | Feudal Age |
| 7:19 | Build | House |
| 8:23 | Create | Villager (Male) |
| 8:51 | Age | Feudal Age |
| 8:54 | Create | Villager (Male) |
| 8:57 | Build | Town Center |
| 8:58 | Create | Villager (Male) |
| 9:05 | Research | Double-Bit Axe |
| 9:07 | Research | Horse Collar |
| 9:07 | Research | Horse Collar |
| 9:09 | Create | Villager (Male) |
| 9:51 | Create | Villager (Male) |
| 10:10 | Create | Villager (Male) |
| 10:16 | Build | House |
| 10:17 | Create | Villager (Male) |
| 10:25 | Create | Villager (Male) |
| 10:29 | Build | Mill |
| 10:30 | Create | Villager (Male) |
| 10:47 | Build | House |
| 10:53 | Build | Farm |
| 10:56 | Build | Farm |
| 11:13 | Build | Farm |
| 11:18 | Build | Farm |
| 11:23 | Build | House |
| 11:32 | Create | Villager (Male) |
| 11:32 | Create | Villager (Male) |
| 11:41 | Build | Farm |
| 11:42 | Create | Villager (Male) |
| 11:43 | Create | Villager (Male) |
| 11:54 | Build | House |
| 11:57 | Create | Villager (Male) |
| 12:00 | Build | Farm |
| 12:06 | Build | Farm |
| 12:09 | Create | Villager (Male) |
| 12:15 | Create | Villager (Male) |
| 12:15 | Create | Villager (Male) |
| 12:21 | Build | Farm |
| 12:29 | Build | House |
| 12:30 | Create | Villager (Male) |
| 12:30 | Create | Villager (Male) |
| 12:40 | Build | Farm |
| 12:41 | Create | Villager (Male) |
| 12:52 | Create | Villager (Male) |
| 12:53 | Create | Villager (Male) |
| 12:55 | Build | Farm |
| 13:00 | Build | Farm |
| 13:02 | Create | Villager (Male) |
| 13:02 | Create | Villager (Male) |
| 13:05 | Build | House |
| 13:07 | Create | Villager (Male) |
| 13:07 | Create | Villager (Male) |
| 13:21 | Create | Villager (Male) |
| 13:21 | Create | Villager (Male) |
| 13:32 | Build | Farm |
| 13:33 | Create | Villager (Male) |
| 13:33 | Create | Villager (Male) |
| 13:38 | Build | Farm |
| 13:39 | Create | Villager (Male) |
| 13:39 | Create | Villager (Male) |
| 13:51 | Build | Farm |
| 13:51 | Create | Villager (Male) |
| 13:52 | Create | Villager (Male) |
| 13:52 | Create | Villager (Male) |
| 13:56 | Build | House |
| 14:13 | Create | Villager (Male) |
| 14:19 | Create | Villager (Male) |
| 14:24 | Build | Market |
| 14:25 | Create | Villager (Male) |
| 14:30 | Create | Villager (Male) |
| 14:37 | Build | Farm |
| 14:51 | Build | Lumber Camp |
| 14:53 | Create | Villager (Male) |
| 15:00 | Create | Villager (Male) |
| 15:09 | Build | Farm |
| 15:27 | Create | Villager (Male) |
| 15:30 | Build | Blacksmith |
| 15:32 | Create | Villager (Male) |
| 15:35 | Build | Farm |
| 15:39 | Build | Farm |
| 15:51 | Build | Farm |
| 16:03 | Create | Villager (Male) |
| 16:05 | Build | Farm |
| 16:08 | Build | Farm |
| 16:09 | Build | Farm |
| 16:10 | Create | Villager (Male) |
| 16:41 | Create | Villager (Male) |
| 16:47 | Build | Mining Camp |
| 16:47 | Create | Villager (Male) |
| 16:52 | Create | Villager (Male) |
| 17:02 | Create | Villager (Male) |
| 17:02 | Create | Villager (Male) |
| 17:05 | Build | Farm |
| 17:10 | Build | Farm |
| 17:11 | Build | Farm |
| 17:13 | Create | Villager (Male) |
| 17:15 | Build | House |
| 17:17 | Build | House |
| 17:22 | Build | House |
| 17:23 | Build | House |
| 17:26 | Create | Villager (Male) |
| 17:27 | Build | Farm |
| 17:31 | Build | Farm |
| 17:34 | Create | Villager (Male) |
| 17:41 | Build | Barracks |
| 17:43 | Create | Villager (Male) |
| 17:47 | Build | Farm |
| 18:08 | Research | Castle Age |
| 18:08 | Research | Castle Age |
| 18:09 | Create | Villager (Male) |
| 18:12 | Create | Villager (Male) |
| 18:20 | Create | Villager (Male) |
| 18:25 | Build | Farm |
| 18:26 | Create | Villager (Male) |
| 18:30 | Create | Villager (Male) |
| 18:34 | Build | Farm |
| 18:35 | Build | Farm |
Build order — Ivolia
First 150 of 422 actions detected
| 0:00 | Create | Villager (Male) |
| 0:00 | Create | Villager (Male) |
| 0:01 | Create | Villager (Male) |
| 0:01 | Create | Villager (Male) |
| 0:01 | Create | Villager (Male) |
| 0:02 | Build | House |
| 0:03 | Build | House |
| 1:25 | Create | Villager (Male) |
| 1:25 | Create | Villager (Male) |
| 1:26 | Create | Villager (Male) |
| 1:44 | Build | Lumber Camp |
| 2:00 | Create | Villager (Male) |
| 2:00 | Create | Villager (Male) |
| 2:02 | Create | Villager (Male) |
| 2:02 | Create | Villager (Male) |
| 2:49 | Create | Villager (Male) |
| 2:49 | Create | Villager (Male) |
| 3:00 | Build | Palisade Gate |
| 3:04 | Create | Villager (Male) |
| 3:05 | Create | Villager (Male) |
| 3:31 | Build | Palisade Gate |
| 3:45 | Create | Villager (Male) |
| 3:45 | Create | Villager (Male) |
| 3:45 | Create | Villager (Male) |
| 3:45 | Create | Villager (Male) |
| 3:53 | Build | Palisade Gate |
| 4:03 | Build | House |
| 4:26 | Create | Villager (Male) |
| 4:26 | Create | Villager (Male) |
| 4:27 | Create | Villager (Male) |
| 4:30 | Build | House |
| 4:35 | Create | Villager (Male) |
| 4:35 | Create | Villager (Male) |
| 4:36 | Create | Villager (Male) |
| 5:14 | Build | House |
| 5:34 | Create | Villager (Male) |
| 6:03 | Build | Mill |
| 6:16 | Create | Villager (Male) |
| 6:41 | Create | Villager (Male) |
| 6:54 | Create | Villager (Male) |
| 7:11 | Create | Villager (Male) |
| 7:12 | Create | Villager (Male) |
| 7:26 | Build | Mining Camp |
| 7:31 | Build | Farm |
| 8:04 | Create | Villager (Male) |
| 8:04 | Create | Villager (Male) |
| 8:13 | Build | House |
| 8:27 | Build | Farm |
| 8:54 | Create | Villager (Male) |
| 8:54 | Create | Villager (Male) |
| 9:22 | Research | Feudal Age |
| 9:51 | Build | Farm |
| 11:31 | Build | Farm |
| 11:46 | Age | Feudal Age |
| 11:46 | Research | Castle Age |
| 11:47 | Research | Castle Age |
| 11:51 | Build | Stable |
| 11:57 | Research | Double-Bit Axe |
| 12:01 | Research | Horse Collar |
| 12:01 | Research | Horse Collar |
| 12:05 | Build | Farm |
| 13:29 | Build | Blacksmith |
| 13:30 | Research | Bloodlines |
| 13:48 | Build | Farm |
| 13:50 | Build | Farm |
| 13:53 | Build | Farm |
| 13:55 | Build | Farm |
| 14:03 | Build | House |
| 14:20 | Research | Wheelbarrow |
| 14:26 | Age | Castle Age |
| 14:29 | Build | House |
| 14:30 | Create | Knight |
| 14:42 | Create | Villager (Male) |
| 14:50 | Research | Gold Mining |
| 15:08 | Build | Farm |
| 15:14 | Create | Knight |
| 15:18 | Create | Villager (Male) |
| 15:18 | Create | Villager (Male) |
| 15:38 | Create | Knight |
| 15:59 | Create | Knight |
| 16:03 | Build | Farm |
| 16:05 | Build | Farm |
| 16:08 | Build | Farm |
| 16:10 | Build | Farm |
| 16:11 | Create | Villager (Male) |
| 16:11 | Create | Villager (Male) |
| 16:42 | Create | Villager (Male) |
| 16:43 | Create | Knight |
| 16:57 | Create | Villager (Male) |
| 16:57 | Create | Villager (Male) |
| 17:07 | Build | House |
| 17:07 | Build | House |
| 17:19 | Build | Monastery |
| 17:30 | Create | Knight |
| 17:40 | Research | Scale Barding Armor |
| 17:40 | Research | Scale Barding Armor |
| 18:00 | Create | Villager (Male) |
| 18:01 | Create | Villager (Male) |
| 18:18 | Create | Knight |
| 18:18 | Create | Knight |
| 18:32 | Create | Monk |
| 18:40 | Create | Villager (Male) |
| 18:44 | Build | Town Center |
| 19:11 | Create | Villager (Male) |
| 19:11 | Create | Villager (Male) |
| 19:24 | Build | Farm |
| 19:25 | Build | Farm |
| 19:58 | Create | Villager (Male) |
| 20:07 | Build | Farm |
| 20:08 | Create | Villager (Male) |
| 20:09 | Create | Villager (Male) |
| 20:09 | Create | Villager (Male) |
| 20:09 | Create | Villager (Male) |
| 20:13 | Research | Bow Saw |
| 20:13 | Research | Bow Saw |
| 20:19 | Create | Villager (Male) |
| 20:22 | Research | Forging |
| 20:32 | Build | Farm |
| 20:35 | Create | Villager (Male) |
| 20:35 | Create | Villager (Male) |
| 20:49 | Create | Villager (Male) |
| 20:49 | Create | Villager (Male) |
| 20:49 | Create | Villager (Male) |
| 21:12 | Create | Villager (Male) |
| 21:12 | Create | Villager (Male) |
| 21:12 | Create | Villager (Male) |
| 21:21 | Create | Monk |
| 21:37 | Create | Villager (Male) |
| 21:37 | Create | Villager (Male) |
| 21:41 | Build | Farm |
| 21:41 | Build | Farm |
| 21:41 | Build | Farm |
| 21:42 | Build | Farm |
| 21:42 | Build | Farm |
| 21:44 | Build | Farm |
| 21:44 | Build | Farm |
| 21:45 | Build | Farm |
| 21:45 | Build | Farm |
| 21:50 | Create | Villager (Male) |
| 21:57 | Create | Villager (Male) |
| 22:15 | Build | House |
| 22:29 | Research | Hand Cart |
| 22:29 | Research | Hand Cart |
| 22:54 | Create | Villager (Male) |
| 22:57 | Research | Husbandry |
| 22:57 | Create | Villager (Male) |
| 22:57 | Create | Villager (Male) |
| 22:58 | Create | Villager (Male) |
| 23:00 | Build | Farm |
| 23:12 | Build | Farm |
Build order — 梅子
First 150 of 319 actions detected
| 0:05 | Create | Villager (Male) |
| 0:05 | Create | Villager (Male) |
| 0:05 | Create | Villager (Male) |
| 0:06 | Create | Villager (Male) |
| 1:25 | Create | Villager (Male) |
| 1:53 | Create | Villager (Male) |
| 1:54 | Create | Villager (Male) |
| 2:12 | Create | Villager (Male) |
| 2:12 | Create | Villager (Male) |
| 2:40 | Create | Villager (Male) |
| 2:55 | Create | Villager (Male) |
| 2:56 | Create | Villager (Male) |
| 3:33 | Create | Villager (Male) |
| 3:57 | Create | Villager (Male) |
| 3:58 | Create | Villager (Male) |
| 4:04 | Build | Lumber Camp |
| 4:24 | Create | Villager (Male) |
| 5:08 | Create | Villager (Male) |
| 5:08 | Create | Villager (Male) |
| 5:31 | Create | Villager (Male) |
| 5:39 | Build | Mill |
| 6:08 | Create | Villager (Male) |
| 6:08 | Create | Villager (Male) |
| 6:43 | Build | Mill |
| 6:48 | Create | Villager (Male) |
| 6:48 | Create | Villager (Male) |
| 7:43 | Create | Villager (Male) |
| 7:43 | Create | Villager (Male) |
| 8:13 | Build | Farm |
| 8:22 | Build | Farm |
| 8:32 | Build | Farm |
| 8:40 | Create | Villager (Male) |
| 8:40 | Create | Villager (Male) |
| 8:45 | Build | Farm |
| 9:00 | Research | Feudal Age |
| 9:00 | Research | Feudal Age |
| 10:39 | Create | Villager (Male) |
| 11:53 | Age | Feudal Age |
| 12:02 | Create | Villager (Male) |
| 12:10 | Build | Market |
| 12:15 | Build | Blacksmith |
| 12:22 | Research | Double-Bit Axe |
| 12:32 | Research | Horse Collar |
| 12:48 | Research | Castle Age |
| 12:48 | Research | Castle Age |
| 12:56 | Build | Lumber Camp |
| 14:05 | Build | Farm |
| 14:06 | Build | Farm |
| 14:09 | Build | Farm |
| 14:54 | Build | Farm |
| 14:58 | Build | Farm |
| 15:02 | Create | Villager (Male) |
| 15:28 | Age | Castle Age |
| 15:34 | Research | Heavy Plow |
| 15:37 | Research | Bow Saw |
| 15:49 | Build | Town Center |
| 15:57 | Create | Villager (Male) |
| 15:58 | Create | Villager (Male) |
| 16:08 | Build | Town Center |
| 16:44 | Create | Villager (Male) |
| 16:44 | Create | Villager (Male) |
| 17:16 | Create | Villager (Male) |
| 17:16 | Create | Villager (Male) |
| 17:22 | Create | Villager (Male) |
| 17:23 | Create | Villager (Male) |
| 17:23 | Create | Villager (Male) |
| 17:29 | Create | Villager (Male) |
| 17:29 | Create | Villager (Male) |
| 17:37 | Build | Farm |
| 17:38 | Build | Farm |
| 17:39 | Build | Farm |
| 17:40 | Build | Farm |
| 17:41 | Build | Farm |
| 17:42 | Build | Farm |
| 17:44 | Build | Farm |
| 17:45 | Build | Farm |
| 17:47 | Build | Farm |
| 18:03 | Create | Villager (Male) |
| 18:03 | Create | Villager (Male) |
| 18:10 | Create | Villager (Male) |
| 18:10 | Create | Villager (Male) |
| 18:30 | Build | Farm |
| 18:35 | Create | Villager (Male) |
| 18:43 | Create | Villager (Male) |
| 18:43 | Create | Villager (Male) |
| 18:52 | Build | Town Center |
| 19:06 | Create | Villager (Male) |
| 19:10 | Create | Villager (Male) |
| 19:10 | Create | Villager (Male) |
| 19:24 | Create | Villager (Male) |
| 19:25 | Create | Villager (Male) |
| 19:30 | Build | Lumber Camp |
| 19:33 | Create | Villager (Male) |
| 19:37 | Create | Villager (Male) |
| 19:43 | Build | Farm |
| 19:44 | Build | Farm |
| 19:45 | Build | Farm |
| 19:47 | Build | Farm |
| 19:48 | Build | Farm |
| 19:49 | Build | Farm |
| 19:54 | Create | Villager (Male) |
| 20:01 | Create | Villager (Male) |
| 20:01 | Create | Villager (Male) |
| 20:05 | Create | Villager (Male) |
| 20:16 | Create | Villager (Male) |
| 20:26 | Create | Villager (Male) |
| 20:27 | Create | Villager (Male) |
| 20:30 | Create | Villager (Male) |
| 20:36 | Build | Farm |
| 20:37 | Build | Farm |
| 20:38 | Build | Farm |
| 20:41 | Build | Farm |
| 20:43 | Build | Farm |
| 20:45 | Build | Farm |
| 20:46 | Build | Farm |
| 20:52 | Create | Villager (Male) |
| 20:52 | Create | Villager (Male) |
| 20:57 | Create | Villager (Male) |
| 20:58 | Create | Villager (Male) |
| 21:05 | Create | Villager (Male) |
| 21:06 | Create | Villager (Male) |
| 21:10 | Create | Villager (Male) |
| 21:17 | Build | Farm |
| 21:17 | Build | Farm |
| 21:17 | Build | Farm |
| 21:18 | Build | Farm |
| 21:18 | Build | Farm |
| 21:19 | Build | Farm |
| 21:27 | Create | Villager (Male) |
| 21:31 | Create | Villager (Male) |
| 21:37 | Create | Villager (Male) |
| 21:41 | Create | Villager (Male) |
| 21:41 | Create | Villager (Male) |
| 21:41 | Create | Villager (Male) |
| 21:51 | Build | Farm |
| 21:51 | Build | Farm |
| 21:51 | Build | Farm |
| 21:52 | Build | Farm |
| 21:52 | Build | Farm |
| 21:52 | Build | Farm |
| 21:53 | Build | Farm |
| 21:53 | Build | Farm |
| 21:53 | Build | Farm |
| 21:54 | Build | Farm |
| 22:05 | Create | Villager (Male) |
| 22:05 | Create | Villager (Male) |
| 22:11 | Create | Villager (Male) |
| 22:12 | Create | Villager (Male) |
| 22:15 | Create | Villager (Male) |
| 22:15 | Create | Villager (Male) |
Build order — Fac Et Spera
First 150 of 229 actions detected
| 0:01 | Create | Villager (Male) ×4 |
| 0:02 | Build | House |
| 0:03 | Build | House |
| 1:26 | Create | Villager (Male) |
| 1:27 | Create | Villager (Male) |
| 2:03 | Create | Villager (Male) |
| 2:03 | Create | Villager (Male) |
| 2:04 | Create | Villager (Male) |
| 2:37 | Build | Lumber Camp |
| 2:47 | Create | Villager (Male) |
| 2:47 | Create | Villager (Male) |
| 2:47 | Create | Villager (Male) |
| 2:47 | Create | Villager (Male) |
| 3:25 | Build | House |
| 4:01 | Create | Villager (Male) |
| 4:23 | Create | Villager (Male) |
| 4:56 | Create | Villager (Male) |
| 5:05 | Build | Mining Camp |
| 5:36 | Research | Feudal Age |
| 5:36 | Research | Feudal Age |
| 5:36 | Research | Feudal Age |
| 5:55 | Research | Loom |
| 5:55 | Research | Loom |
| 7:12 | Build | House |
| 7:46 | Age | Feudal Age |
| 7:47 | Build | Watch Tower |
| 7:50 | Create | Villager (Male) |
| 7:52 | Build | Blacksmith |
| 8:19 | Create | Villager (Male) |
| 8:29 | Build | Mill |
| 8:43 | Create | Villager (Male) |
| 8:48 | Research | Fletching |
| 8:48 | Research | Fletching |
| 8:56 | Build | House |
| 9:04 | Create | Villager (Male) |
| 9:36 | Create | Villager (Male) |
| 9:37 | Create | Villager (Male) |
| 9:53 | Build | Mill |
| 10:00 | Create | Villager (Male) |
| 10:01 | Create | Villager (Male) |
| 10:22 | Build | Watch Tower |
| 10:36 | Create | Villager (Male) |
| 10:55 | Create | Villager (Male) |
| 11:17 | Build | Watch Tower |
| 11:20 | Research | Double-Bit Axe |
| 11:20 | Research | Double-Bit Axe |
| 11:36 | Create | Villager (Male) |
| 11:36 | Create | Villager (Male) |
| 11:40 | Build | Farm |
| 11:45 | Create | Villager (Male) |
| 12:14 | Create | Villager (Male) |
| 12:21 | Build | Stone Wall |
| 12:22 | Build | Stone Wall |
| 12:23 | Build | Stone Wall |
| 12:24 | Build | Stone Wall |
| 12:26 | Build | Stone Wall |
| 12:33 | Research | Horse Collar |
| 12:35 | Build | Farm |
| 12:35 | Build | Farm |
| 12:35 | Build | Farm |
| 12:45 | Create | Villager (Male) |
| 12:59 | Create | Villager (Male) |
| 13:09 | Build | Farm |
| 13:15 | Build | Farm |
| 13:34 | Create | Villager (Male) |
| 13:39 | Build | Farm |
| 13:46 | Research | Town Watch |
| 13:47 | Research | Town Watch |
| 13:51 | Build | House |
| 14:19 | Create | Villager (Male) |
| 14:19 | Create | Villager (Male) |
| 14:22 | Build | Farm |
| 14:26 | Build | Farm |
| 14:43 | Build | Farm |
| 14:44 | Build | Farm |
| 14:53 | Create | Villager (Male) |
| 15:03 | Build | Watch Tower |
| 15:09 | Build | House |
| 15:21 | Create | Villager (Male) |
| 15:33 | Build | Stone Wall |
| 15:34 | Build | Stone Wall |
| 15:35 | Build | Stone Wall |
| 15:36 | Build | Stone Wall |
| 15:40 | Create | Villager (Male) |
| 15:44 | Build | Mining Camp |
| 15:47 | Build | Farm |
| 16:11 | Create | Villager (Male) |
| 16:28 | Create | Villager (Male) |
| 16:49 | Build | Farm |
| 16:51 | Build | Farm |
| 17:18 | Build | Palisade Wall |
| 17:20 | Build | Palisade Wall |
| 17:22 | Build | Palisade Wall |
| 17:25 | Build | Palisade Wall |
| 17:26 | Create | Villager (Male) |
| 17:29 | Create | Villager (Male) |
| 17:35 | Build | Market |
| 18:06 | Create | Villager (Male) |
| 18:06 | Create | Villager (Male) |
| 18:13 | Build | Farm |
| 18:19 | Build | Palisade Wall |
| 18:20 | Build | Palisade Wall |
| 18:21 | Build | Palisade Wall |
| 18:42 | Research | Castle Age |
| 18:42 | Research | Castle Age |
| 18:43 | Research | Castle Age |
| 19:17 | Build | Watch Tower |
| 19:23 | Research | Stone Mining |
| 19:23 | Research | Stone Mining |
| 20:07 | Research | Gold Mining |
| 20:08 | Research | Gold Mining |
| 20:19 | Build | House |
| 20:20 | Build | House |
| 20:29 | Research | Wheelbarrow |
| 21:16 | Create | Villager (Male) |
| 21:22 | Age | Castle Age |
| 21:26 | Build | Castle |
| 21:48 | Build | University |
| 22:17 | Research | Bodkin Arrow |
| 22:17 | Research | Bodkin Arrow |
| 22:26 | Research | Gold Shaft Mining |
| 22:28 | Research | Bow Saw |
| 22:56 | Build | Outpost |
| 23:02 | Create | Mangudai |
| 23:05 | Create | Villager (Male) |
| 23:06 | Create | Villager (Male) |
| 23:17 | Research | Guard Tower (upgrade) |
| 23:34 | Create | Mangudai |
| 23:37 | Build | Mining Camp |
| 23:54 | Create | Villager (Male) |
| 23:57 | Build | Outpost |
| 24:12 | Create | Mangudai |
| 24:26 | Create | Mangudai |
| 24:26 | Create | Mangudai |
| 24:32 | Create | Villager (Male) |
| 24:32 | Create | Villager (Male) |
| 25:14 | Create | Mangudai |
| 25:14 | Create | Mangudai |
| 25:26 | Create | Villager (Male) |
| 25:26 | Create | Villager (Male) |
| 25:42 | Create | Villager (Male) |
| 26:05 | Build | Town Center |
| 26:31 | Create | Villager (Male) |
| 26:36 | Research | Stone Shaft Mining |
| 26:38 | Research | Heavy Plow |
| 26:38 | Research | Heavy Plow |
| 27:03 | Create | Villager (Male) |
| 27:03 | Create | Villager (Male) |
| 27:07 | Research | Fortified Wall (upgrade) |
| 27:07 | Research | Fortified Wall (upgrade) |
Build order — 做人要诚实,
First 150 of 268 actions detected
| 0:01 | Create | Villager (Male) |
| 0:01 | Create | Villager (Male) |
| 0:04 | Build | House |
| 0:05 | Build | House |
| 0:08 | Create | Villager (Male) |
| 0:09 | Create | Villager (Male) |
| 0:09 | Create | Villager (Male) |
| 1:24 | Create | Villager (Male) |
| 1:25 | Create | Villager (Male) |
| 1:53 | Create | Villager (Male) |
| 1:54 | Create | Villager (Male) |
| 2:24 | Create | Villager (Male) |
| 2:36 | Build | Lumber Camp |
| 2:40 | Create | Villager (Male) |
| 2:40 | Create | Villager (Male) |
| 2:51 | Create | Villager (Male) |
| 3:02 | Create | Villager (Male) |
| 3:03 | Create | Villager (Male) |
| 3:20 | Create | Villager (Male) |
| 3:59 | Build | House |
| 4:29 | Create | Villager (Male) |
| 4:29 | Create | Villager (Male) |
| 4:34 | Build | Mill |
| 4:54 | Build | House |
| 5:00 | Create | Villager (Male) |
| 5:00 | Create | Villager (Male) |
| 5:01 | Create | Villager (Male) |
| 5:22 | Build | House |
| 5:25 | Create | Villager (Male) |
| 5:50 | Create | Villager (Male) |
| 6:20 | Create | Villager (Male) |
| 6:28 | Build | Mill |
| 6:47 | Create | Villager (Male) |
| 7:01 | Create | Villager (Male) |
| 7:05 | Build | Farm |
| 7:17 | Create | Villager (Male) |
| 7:26 | Build | Farm |
| 7:55 | Build | House |
| 8:10 | Research | Loom |
| 8:24 | Research | Feudal Age |
| 8:24 | Research | Feudal Age |
| 8:51 | Build | House |
| 8:52 | Build | Palisade Wall |
| 8:56 | Build | Palisade Wall |
| 8:57 | Build | Palisade Wall |
| 9:06 | Build | Mining Camp |
| 9:11 | Build | Palisade Wall |
| 10:08 | Build | Palisade Wall |
| 10:34 | Age | Feudal Age |
| 10:37 | Create | Villager (Male) |
| 10:44 | Build | Market |
| 10:55 | Build | Stone Wall |
| 11:03 | Create | Villager (Male) |
| 11:20 | Build | Stone Wall |
| 11:33 | Create | Villager (Male) |
| 12:10 | Build | Blacksmith |
| 12:56 | Research | Castle Age |
| 12:56 | Research | Castle Age |
| 13:32 | Research | Double-Bit Axe |
| 13:32 | Research | Double-Bit Axe |
| 14:05 | Build | Lumber Camp |
| 14:16 | Research | Horse Collar |
| 14:16 | Research | Horse Collar |
| 15:03 | Build | Farm |
| 15:33 | Create | Villager (Male) |
| 15:36 | Age | Castle Age |
| 15:38 | Build | Siege Workshop |
| 15:51 | Create | Villager (Male) |
| 15:55 | Build | Farm |
| 16:03 | Build | House |
| 16:06 | Build | House |
| 16:10 | Build | Palisade Wall |
| 16:11 | Create | Mangonel |
| 16:19 | Build | Palisade Gate |
| 16:33 | Build | Palisade Wall |
| 16:47 | Create | Villager (Male) |
| 16:51 | Build | Town Center |
| 17:15 | Research | Loom |
| 17:19 | Create | Villager (Male) |
| 17:33 | Build | Farm |
| 17:47 | Create | Villager (Male) |
| 17:48 | Build | Farm |
| 18:04 | Create | Villager (Male) |
| 18:30 | Create | Villager (Male) |
| 18:31 | Create | Villager (Male) |
| 18:34 | Build | Monastery |
| 18:41 | Create | Villager (Male) |
| 18:56 | Create | Villager (Male) |
| 18:56 | Create | Villager (Male) |
| 18:59 | Build | Farm |
| 19:00 | Build | Farm |
| 19:09 | Create | Villager (Male) |
| 19:13 | Build | Farm |
| 19:13 | Build | Farm |
| 19:21 | Create | Villager (Male) |
| 19:36 | Build | Farm |
| 19:48 | Create | Mangonel |
| 19:54 | Create | Villager (Male) |
| 20:08 | Build | Farm |
| 20:09 | Create | Monk |
| 20:09 | Create | Monk |
| 20:15 | Build | Farm |
| 20:22 | Create | Villager (Male) |
| 20:22 | Create | Villager (Male) |
| 20:26 | Build | House |
| 20:26 | Build | House |
| 20:29 | Build | Mill |
| 20:40 | Create | Villager (Male) |
| 20:42 | Build | Farm |
| 20:53 | Create | Villager (Male) |
| 20:54 | Create | Villager (Male) |
| 20:56 | Build | Farm |
| 21:20 | Create | Monk |
| 21:22 | Create | Villager (Male) |
| 21:23 | Create | Villager (Male) |
| 21:33 | Build | Farm |
| 21:34 | Build | Farm |
| 21:50 | Create | Villager (Male) |
| 21:51 | Create | Villager (Male) |
| 21:51 | Create | Villager (Male) |
| 21:55 | Build | House |
| 22:15 | Build | House |
| 22:28 | Build | Lumber Camp |
| 22:46 | Build | Palisade Wall |
| 22:47 | Build | Palisade Wall |
| 22:49 | Build | House |
| 22:51 | Build | Palisade Wall |
| 22:52 | Build | Palisade Wall |
| 22:57 | Build | Palisade Wall |
| 23:22 | Build | Farm |
| 23:25 | Build | Farm |
| 23:45 | Build | Farm |
| 24:08 | Build | Farm |
| 24:24 | Research | Imperial Age |
| 25:00 | Create | Villager (Male) |
| 25:01 | Create | Villager (Male) |
| 25:05 | Build | University |
| 25:28 | Build | House |
| 25:28 | Build | House |
| 25:29 | Build | House |
| 25:30 | Build | House |
| 26:28 | Create | Villager (Male) |
| 26:28 | Create | Villager (Male) |
| 26:29 | Create | Villager (Male) |
| 26:59 | Create | Villager (Male) |
| 27:06 | Build | Siege Workshop |
| 27:27 | Create | Villager (Male) |
| 27:27 | Create | Villager (Male) |
| 27:27 | Create | Villager (Male) |
| 27:27 | Create | Villager (Male) |
Build order — 呱家軍
First 150 of 376 actions detected
| 0:00 | Create | Villager (Male) |
| 0:01 | Create | Villager (Male) |
| 0:02 | Build | House |
| 0:03 | Build | House |
| 0:10 | Create | Villager (Male) |
| 0:10 | Create | Villager (Male) |
| 0:10 | Create | Villager (Male) |
| 0:11 | Create | Villager (Male) |
| 1:22 | Create | Villager (Male) |
| 1:41 | Build | Lumber Camp |
| 1:57 | Create | Villager (Male) |
| 2:22 | Create | Villager (Male) |
| 3:05 | Create | Villager (Male) |
| 3:05 | Create | Villager (Male) |
| 3:37 | Create | Villager (Male) |
| 3:38 | Create | Villager (Male) |
| 3:49 | Build | House |
| 4:06 | Create | Villager (Male) |
| 4:36 | Create | Villager (Male) |
| 4:36 | Create | Villager (Male) |
| 4:37 | Create | Villager (Male) |
| 5:31 | Create | Villager (Male) |
| 5:31 | Create | Villager (Male) |
| 5:31 | Create | Villager (Male) |
| 5:31 | Create | Villager (Male) |
| 6:05 | Build | Mill |
| 6:17 | Build | Mining Camp |
| 6:27 | Build | House |
| 7:13 | Create | Villager (Male) |
| 7:17 | Build | Farm |
| 7:23 | Build | Farm |
| 7:43 | Create | Villager (Male) |
| 8:05 | Build | Farm |
| 8:09 | Create | Villager (Male) |
| 8:33 | Research | Feudal Age |
| 9:16 | Build | House |
| 9:44 | Create | Villager (Male) |
| 9:45 | Create | Villager (Male) |
| 10:10 | Build | Farm |
| 10:50 | Age | Feudal Age |
| 10:54 | Build | Market |
| 11:12 | Build | Blacksmith |
| 11:50 | Research | Castle Age |
| 11:50 | Research | Castle Age |
| 12:14 | Research | Double-Bit Axe |
| 12:27 | Research | Horse Collar |
| 13:20 | Create | Villager (Male) |
| 13:29 | Build | House |
| 13:30 | Build | House |
| 14:15 | Age | Castle Age |
| 14:18 | Build | Town Center |
| 14:19 | Create | Villager (Male) |
| 14:26 | Build | Town Center |
| 14:39 | Create | Villager (Male) |
| 15:11 | Create | Villager (Male) |
| 15:15 | Build | Monastery |
| 15:28 | Create | Villager (Male) |
| 15:29 | Create | Villager (Male) |
| 15:39 | Create | Villager (Male) |
| 15:43 | Build | Farm |
| 15:50 | Create | Villager (Male) |
| 15:50 | Create | Villager (Male) |
| 15:55 | Build | Farm |
| 15:57 | Create | Villager (Male) |
| 15:57 | Create | Villager (Male) |
| 16:02 | Build | House |
| 16:02 | Create | Monk |
| 16:03 | Create | Monk |
| 16:07 | Create | Villager (Male) |
| 16:09 | Build | Farm |
| 16:14 | Create | Villager (Male) |
| 16:14 | Create | Villager (Male) |
| 16:26 | Build | Farm |
| 16:29 | Build | Farm |
| 16:31 | Create | Villager (Male) |
| 16:31 | Create | Villager (Male) |
| 16:38 | Build | House |
| 16:43 | Build | Farm |
| 16:48 | Create | Villager (Male) |
| 16:52 | Build | Farm |
| 17:03 | Build | Farm |
| 17:05 | Create | Villager (Male) |
| 17:05 | Create | Villager (Male) |
| 17:08 | Build | Farm |
| 17:13 | Build | House |
| 17:14 | Create | Villager (Male) |
| 17:14 | Create | Villager (Male) |
| 17:33 | Build | Farm |
| 17:34 | Create | Villager (Male) |
| 17:35 | Create | Villager (Male) |
| 17:38 | Create | Villager (Male) |
| 17:44 | Build | Farm |
| 17:48 | Build | Farm |
| 17:50 | Build | Farm |
| 17:52 | Create | Villager (Male) |
| 17:52 | Create | Villager (Male) |
| 17:57 | Build | House |
| 17:58 | Build | House |
| 18:05 | Build | Farm |
| 18:06 | Create | Villager (Male) |
| 18:09 | Create | Villager (Male) |
| 18:10 | Create | Villager (Male) |
| 18:10 | Create | Villager (Male) |
| 18:22 | Create | Villager (Male) |
| 18:23 | Create | Villager (Male) |
| 18:23 | Create | Villager (Male) |
| 18:28 | Build | Farm |
| 18:32 | Build | Farm |
| 18:33 | Build | Farm |
| 18:36 | Create | Villager (Male) |
| 18:44 | Build | House |
| 18:45 | Build | House |
| 18:46 | Create | Villager (Male) |
| 18:46 | Create | Villager (Male) |
| 18:50 | Create | Villager (Male) |
| 18:55 | Create | Villager (Male) |
| 19:04 | Create | Villager (Male) |
| 19:08 | Build | Farm |
| 19:09 | Build | Farm |
| 19:10 | Build | Farm |
| 19:12 | Create | Villager (Male) |
| 19:21 | Create | Villager (Male) |
| 19:23 | Create | Villager (Male) |
| 19:28 | Create | Villager (Male) |
| 19:36 | Build | Town Center |
| 19:42 | Build | Farm |
| 19:45 | Build | Farm |
| 19:46 | Create | Villager (Male) |
| 19:47 | Create | Villager (Male) |
| 19:48 | Create | Villager (Male) |
| 19:52 | Build | Farm |
| 19:53 | Create | Villager (Male) |
| 19:57 | Build | Farm |
| 19:58 | Create | Villager (Male) |
| 20:04 | Build | Farm |
| 20:09 | Create | Villager (Male) |
| 20:11 | Build | Farm |
| 20:15 | Create | Villager (Male) |
| 20:17 | Create | Villager (Male) |
| 20:28 | Build | Farm |
| 20:37 | Create | Villager (Male) |
| 20:39 | Create | Villager (Male) |
| 20:53 | Research | Bow Saw |
| 20:54 | Create | Villager (Male) |
| 20:54 | Create | Villager (Male) |
| 20:57 | Build | Farm |
| 21:00 | Build | Farm |
| 21:01 | Build | Farm |
| 21:03 | Build | Farm |
| 21:04 | Build | Farm |
Match timeline
| 5:16 | YY语音信箱 · wall_segment Palisade Wall x1 |
| 5:25 | YY语音信箱 · wall_segment Palisade Wall x1 |
| 5:26 | YY语音信箱 · wall_segment Palisade Wall x1 |
| 5:29 | YY语音信箱 · wall_segment Palisade Wall x1 |
| 5:42 | YY语音信箱 · wall_segment Palisade Wall x1 |
| 5:48 | YY语音信箱 · wall_segment Palisade Wall x1 |
| 5:49 | YY语音信箱 · wall_segment Palisade Wall x1 |
| 7:46 | Fac Et Spera · age_up feudal |
| 8:32 | Rex Caedis · age_up feudal |
| 8:51 | 11别打我,我很菜 · age_up feudal |
| 8:52 | YY语音信箱 · wall_segment Palisade Wall x17 |
| 8:52 | 做人要诚实, · wall_segment Palisade Wall x1 |
| 8:52 | YY语音信箱 · wall_segment Palisade Wall x1 |
| 8:56 | 做人要诚实, · wall_segment Palisade Wall x6 |
| 8:57 | 做人要诚实, · wall_segment Palisade Wall x1 |
| 9:11 | 做人要诚实, · wall_segment Palisade Wall x3 |
| 9:13 | YY语音信箱 · wall_segment Palisade Wall x5 |
| 9:15 | YY语音信箱 · wall_segment Palisade Wall x4 |
| 10:08 | 做人要诚实, · wall_segment Palisade Wall x1 |
| 10:21 | YY语音信箱 · wall_segment Palisade Wall x10 |
| 10:25 | YY语音信箱 · wall_segment Palisade Wall x6 |
| 10:27 | YY语音信箱 · wall_segment Palisade Wall x1 |
| 10:34 | 做人要诚实, · age_up feudal |
| 10:50 | 呱家軍 · age_up feudal |
| 10:55 | 做人要诚实, · wall_segment Stone Wall x7 |
| 11:20 | 做人要诚实, · wall_segment Stone Wall x1 |
| 11:39 | YY语音信箱 · wall_segment Palisade Wall x8 |
| 11:44 | YY语音信箱 · wall_segment Palisade Wall x5 |
| 11:46 | Ivolia · age_up feudal |
| 11:51 | Ivolia · first_building Stable |
| 11:53 | 梅子 · age_up feudal |
| 12:11 | YY语音信箱 · age_up feudal |
| 12:11 | YY语音信箱 · wall_segment Palisade Wall x1 |
| 12:21 | Fac Et Spera · wall_segment Stone Wall x2 |
| 12:22 | Fac Et Spera · wall_segment Stone Wall x1 |
| 12:23 | Fac Et Spera · wall_segment Stone Wall x1 |
| 12:24 | Fac Et Spera · wall_segment Stone Wall x3 |
| 12:26 | Fac Et Spera · wall_segment Stone Wall x2 |
| 13:14 | YY语音信箱 · wall_segment Palisade Wall x1 |
| 13:57 | Rex Caedis · wall_segment Palisade Wall x1 |
| 14:15 | 呱家軍 · age_up castle |
| 14:26 | Ivolia · age_up castle |
| 15:05 | Rex Caedis · wall_segment Palisade Wall x1 |
| 15:10 | Rex Caedis · wall_segment Palisade Wall x1 |
| 15:11 | Rex Caedis · wall_segment Palisade Wall x1 |
| 15:12 | Rex Caedis · wall_segment Palisade Wall x1 |
| 15:15 | 呱家軍 · first_building Monastery |
| 15:26 | YY语音信箱 · first_market_buy 100 stone |
| 15:28 | 梅子 · age_up castle |
| 15:28 | Rex Caedis · wall_segment Palisade Wall x1 |
| 15:29 | Rex Caedis · wall_segment Palisade Wall x1 |
| 15:33 | Fac Et Spera · wall_segment Stone Wall x1 |
| 15:34 | Fac Et Spera · wall_segment Stone Wall x1 |
| 15:35 | Fac Et Spera · wall_segment Stone Wall x1 |
| 15:36 | Fac Et Spera · wall_segment Stone Wall x1 |
| 15:36 | 做人要诚实, · age_up castle |
| 15:37 | Rex Caedis · wall_segment Palisade Wall x1 |
| 15:38 | Rex Caedis · wall_segment Palisade Wall x1 |
| 15:38 | 做人要诚实, · first_building Siege Workshop |
| 15:39 | Rex Caedis · wall_segment Palisade Wall x1 |
| 15:41 | YY语音信箱 · first_market_sell 100 wood |
| 15:42 | YY语音信箱 · age_up castle |
| 15:50 | Rex Caedis · wall_segment Stone Wall x1 |
| 15:56 | Rex Caedis · wall_segment Palisade Wall x1 |
| 15:58 | YY语音信箱 · first_building Castle |
| 16:02 | Rex Caedis · wall_segment Palisade Wall x1 |
| 16:03 | YY语音信箱 · wall_segment Palisade Wall x1 |
| 16:04 | YY语音信箱 · wall_segment Palisade Wall x1 |
| 16:04 | Rex Caedis · wall_segment Palisade Wall x1 |
| 16:05 | YY语音信箱 · wall_segment Palisade Wall x1 |
| 16:10 | 做人要诚实, · wall_segment Palisade Wall x5 |
| 16:13 | 呱家軍 · first_market_buy 100 food |
| 16:31 | Rex Caedis · wall_segment Palisade Wall x1 |
| 16:33 | 做人要诚实, · wall_segment Palisade Wall x1 |
| 16:35 | Rex Caedis · wall_segment Palisade Wall x1 |
| 16:40 | Rex Caedis · wall_segment Palisade Wall x1 |
| 16:49 | Rex Caedis · wall_segment Palisade Wall x1 |
| 17:00 | Rex Caedis · wall_segment Palisade Wall x1 |
| 17:02 | Rex Caedis · wall_segment Palisade Wall x1 |
| 17:14 | Rex Caedis · wall_segment Palisade Wall x1 |
| 17:18 | Rex Caedis · wall_segment Palisade Wall x1 |
| 17:18 | Fac Et Spera · wall_segment Palisade Wall x3 |
| 17:19 | Ivolia · first_building Monastery |
| 17:20 | Fac Et Spera · wall_segment Palisade Wall x3 |
| 17:22 | Fac Et Spera · wall_segment Palisade Wall x3 |
| 17:23 | Rex Caedis · wall_segment Palisade Wall x1 |
| 17:25 | Fac Et Spera · wall_segment Palisade Wall x2 |
| 17:27 | Rex Caedis · wall_segment Palisade Wall x1 |
| 17:31 | Rex Caedis · wall_segment Palisade Wall x1 |
| 17:33 | Rex Caedis · wall_segment Palisade Wall x1 |
| 17:41 | 11别打我,我很菜 · first_building Barracks |
| 17:41 | Rex Caedis · wall_segment Palisade Wall x1 |
| 18:19 | Fac Et Spera · wall_segment Palisade Wall x2 |
| 18:20 | Fac Et Spera · wall_segment Palisade Wall x2 |
| 18:21 | Fac Et Spera · wall_segment Palisade Wall x2 |
| 18:29 | 做人要诚实, · first_market_buy 100 food |
| 18:34 | 做人要诚实, · first_building Monastery |
| 19:09 | 11别打我,我很菜 · first_building Stable |
| 19:14 | 11别打我,我很菜 · first_building Siege Workshop |
| 19:48 | Rex Caedis · first_market_sell 100 stone |
| 19:50 | Rex Caedis · first_market_buy 100 food |
| 20:48 | 11别打我,我很菜 · age_up castle |
| 21:22 | Fac Et Spera · age_up castle |
| 21:26 | Fac Et Spera · first_building Castle |
| 22:46 | 做人要诚实, · wall_segment Palisade Wall x5 |
| 22:47 | 做人要诚实, · wall_segment Palisade Wall x4 |
| 22:51 | 做人要诚实, · wall_segment Palisade Wall x2 |
| 22:52 | 做人要诚实, · wall_segment Palisade Wall x1 |
| 22:57 | 做人要诚实, · wall_segment Palisade Wall x5 |
| 23:02 | 梅子 · first_building Monastery |
| 23:20 | 呱家軍 · wall_segment Stone Wall x2 |
| 25:14 | 呱家軍 · wall_segment Stone Wall x3 |
| 25:18 | 梅子 · first_building Barracks |
| 26:28 | 梅子 · first_building Castle |
| 26:42 | 梅子 · first_building Stable |
| 27:14 | 11别打我,我很菜 · first_building Monastery |
| 27:27 | 呱家軍 · first_building Barracks |
| 27:31 | Fac Et Spera · first_market_buy 100 stone |
| 27:34 | 做人要诚实, · age_up imperial |
| 27:35 | 梅子 · first_market_sell 100 food |
| 27:56 | Rex Caedis · age_up castle |
| 28:00 | 呱家軍 · first_building Archery Range |
| 28:38 | 11别打我,我很菜 · first_market_buy 100 food |
| 28:55 | 做人要诚实, · first_building Barracks |
| 29:55 | 做人要诚实, · first_building Archery Range |
| 30:00 | 呱家軍 · first_building Castle |
| 31:01 | 梅子 · age_up imperial |
| 31:03 | YY语音信箱 · first_building Siege Workshop |
| 31:54 | Rex Caedis · first_building Barracks |
| 32:02 | Fac Et Spera · first_building Barracks |
| 32:16 | 11别打我,我很菜 · age_up imperial |
| 32:22 | Ivolia · first_market_sell 500 food |
| 32:25 | 呱家軍 · age_up imperial |
| 32:52 | Rex Caedis · first_building Castle |
| 32:54 | 呱家軍 · first_building Stable |
| 33:01 | YY语音信箱 · age_up imperial |
| 33:20 | 做人要诚实, · first_market_sell 100 wood |
| 33:54 | YY语音信箱 · first_building Barracks |
| 34:49 | Ivolia · resign |
[ AI ANALYSIS · 1 CREDIT ]
What really happened in this match?
Wolo.gg analyzes every decision: build order, eco, micro, common mistakes by bracket. Personalized analysis on WhatsApp or Discord in 30 seconds.
Civ guide
Spanish
Perfil
Jugador #25222989